 Dungeon Crawl Stone Soup version 0.24-a0-809-g71cb82dfb8 (webtiles) character file.

Game seed: 3543929074093331018, levelgen mode: deterministic

203 FollowTheCloud the Chopper (level 5, -1/46 HPs)
             Began as a Minotaur Gladiator on Oct 11, 2019.
             Slain by Edmund
             ... wielding a +0 flail of crushing
              (3 damage)
             ... on level 4 of the Dungeon.
             The game lasted 00:04:21 (3086 turns).

FollowTheCloud the Chopper (Minotaur Gladiator)     Turns: 3086, Time: 00:04:22

Health: -1/46      AC:  4    Str: 19    XL:     5   Next: 51%
Magic:  4/4        EV: 13    Int:  5    God:
Gold:   69         SH:  0    Dex: 12    Spells: 4/4 levels left

rFire    . . .     SeeInvis .   a - +0 war axe
rCold    . . .     Gourm    .   (no shield)
rNeg     . . .     Faith    .   b - +0 leather armour
rPois    .         Spirit   .   c - +0 hat
rElec    .         Reflect  .   l - +0 cloak
rCorr    .         Harm     .   (no gloves)
MR       .....                  (no boots)
Stlth    +.........             (no amulet)
HPRegen  0.15/turn              (no ring)
MPRegen  0.09/turn              (no ring)

@: no status effects
A: retaliatory headbutt, horns 2
a: no special abilities


You were on level 4 of the Dungeon.
You were hungry.

You visited 1 branch of the dungeon, and saw 4 of its levels.

You collected 69 gold pieces.

Inventory:

Hand Weapons
 a - a +0 war axe (weapon)
Missiles
 d - 3 throwing nets (quivered)
Armour
 b - a +0 leather armour (worn)
 c - a +0 hat (worn)
 l - a +0 cloak (worn)
Scrolls
 e - a scroll of random uselessness {unknown}
 j - a scroll of fear {unknown}
 m - 2 scrolls of identify {unknown}
 n - 2 scrolls of remove curse {unknown}
 p - a scroll of noise {unknown}
Potions
 g - a potion of cancellation {unknown}
 h - a potion of heal wounds
 i - a potion of lignification {unknown}
 k - a potion of haste {unknown}
Comestibles
 f - 4 rations


   Skills:
 + Level 4.0 Fighting
 + Level 4.8 Axes
 - Level 2.0 Throwing
 + Level 3.0 Armour
 + Level 4.5 Dodging


You had 4 spell levels left.
You didn't know any spells.
Your spell library was empty.

Dungeon Overview and Level Annotations

Branches:
Dungeon (4/15)
 Temple: D:4-7

Altars:

Annotations:
D:2 Sigmund
D:4 Edmund


Innate Abilities, Weirdness & Mutations

You reflexively headbutt those who attack you in melee.
You have a pair of horns on your head.


Message History

* * * LOW HITPOINT WARNING * * *
You feel sick.
* * * LOW HITPOINT WARNING * * *
You feel sick.
You are no longer poisoned.
Edmund says, "I'm quite good with sums, too."
All of the chunks of flesh in your inventory have rotted away.
Found a ring mail.
Unknown command.
You see here a ring mail.
Unknown command.
Edmund says, "I might not be good at magic, but I can still kill you!"
Edmund hits you but does no damage.
You see here a ring mail.
You hear the slow rusting of a very distant drain.
Edmund says, "You wouldn't believe how much I paid for this flail."
Edmund gestures with his flail.
Edmund hits you with a +0 flail of crushing!
* * * LOW HITPOINT WARNING * * *
You die...

. ..
#.######################.
................@........
#..).############@......#
####.....## ##...#####..
#...####..####..### #...#
##......## #...##
######## #....####
#....<..# #.........#


You could see Edmund.

Vanquished Creatures
  A worker ant (D:2)
  Robin (D:2)
  2 gnolls (D:3)
  5 adders
  2 oozes (D:3)
  A worm (D:3)
  4 dart slugs (D:1)
  3 leopard geckos
  3 orcs (D:3)
  A ball python (D:1)
  6 bats
  3 giant cockroaches
  9 goblins
  8 hobgoblins (D:2)
  6 jackals (D:1)
  2 quokkas
  8 frilled lizards
  7 kobolds
  9 rats
81 creatures vanquished.

Vanquished Creatures (others)
  5 toadstools (D:1)
5 creatures vanquished.

Grand Total: 86 creatures vanquished

Notes
Turn   | Place    | Note
-------+----------+-------------------------------------------
     0 | D:1      | FollowTheCloud the Minotaur Gladiator began the quest for
                  | the Orb.
     0 | D:1      | Reached XP level 1. HP: 18/18 MP: 0/0
   409 | D:1      | Reached XP level 2. HP: 8/25 MP: 1/1
   644 | D:1      | Reached skill level 1 in Armour
   958 | D:1      | Reached XP level 3. HP: 22/31 MP: 2/2
  1495 | D:2      | Noticed Sigmund
  1770 | D:2      | Reached XP level 4. HP: 38/38 MP: 3/3
  2069 | D:2      | Found a faded altar of an unknown god.
  2210 | D:2      | Noticed Robin
  2440 | D:2      | Killed Robin
  2440 | D:2      | Reached XP level 5. HP: 36/46 MP: 4/4
  2986 | D:3      | HP: 2/46 [poisoned by a gnoll]
  3009 | D:3      | HP: 2/46 [poisoned by a gnoll]
  3012 | D:4      | Noticed Edmund
  3014 | D:4      | HP: 2/46 [poisoned by a gnoll]
  3022 | D:4      | HP: 1/46 [poisoned by a gnoll]
  3086 | D:4      | HP: 2/46 [Edmund/+0 flail of crushing (9)]
  3086 | D:4      | Slain by Edmund

Levels and vault maps discovered:
D:1:      ldierk_walled_garden, layout_loops_corners
D:2:      layout_basic, chequers_ecumenical_altar_twisty, chequers_garden,
          uniq_sigmund, uniq_robin
D:3:      layout_basic
D:4:      layout_rooms, portal_sewer_entry_a, uniq_ijyb, uniq_edmund,
          uniq_blork_the_orc

Skill      XL: |  1  2  3  4  5 |
---------------+----------------+-----
Armour         | 1 2 3 |  3.0
Axes           | 4 |  4.8
Fighting       | 3 4 |  4.0
Dodging        | 4 |  4.5
Throwing       | |  2.0

Action                   |  1- 3 |  4- 6 || total
-------------------------+-------+-------++-------
Melee: War axe           |    74 |    68 ||   142
       Headbutt          |     6 |    16 ||    22
  Use: Potion            |       |     1 ||     1
 Stab: Sleeping          |     1 |       ||     1
  Eat: Chunk             |     3 |     3 ||     6
Armor: Leather armour    |    23 |    19 ||    42
Dodge: Dodged            |    57 |    71 ||   128

Table legend:
 A = Non-vault XP
 B = Vault XP
 C = Vault XP percentage of total XP
 D = Non-vault monster count
 E = Vault monster count
 F = Vault count percentage of total count
                 A         B        C        D         E       F
            +---------+---------+-------+---------+---------+-------
      Total |     256 |      35 |  12.0 |      70 |      11 |  13.6
            +---------+---------+-------+---------+---------+-------
        D:1 |      64 |       0 |   0.0 |      28 |       0 |   0.0
        D:2 |     109 |      35 |  24.3 |      26 |      11 |  29.7
        D:3 |      83 |       0 |   0.0 |      16 |       0 |   0.0
            +---------+---------+-------+---------+---------+-------
